 Dungeon Crawl Stone Soup version 0.21.1-1-g345015f (webtiles) character file.

9854 yevrey the Martial Artist (level 11, -2/85 HPs)
             Began as a Yellow Draconian Transmuter on Apr 20, 2018.
             Was an Elder of Sif Muna.
             Slain by a wolf (5 damage)
             ... on level 1 of the Lair of Beasts.
             The game lasted 00:49:17 (13331 turns).

yevrey the Martial Artist (DrTm)                   Turns: 13331, Time: 00:49:20

Health: -2/85      AC:  9    Str: 12    XL:     11   Next: 28%
Magic:  24/38      EV: 15    Int: 16    God:    Sif Muna [****..]
Gold:   396        SH:  0    Dex: 18    Spells: 11/27 levels left

rFire    . . .     SeeInvis .   F - staff of power
rCold    . . .     Gourm    .   (no shield)
rNeg     . . .     Faith    +   (armour unavailable)
rPois    +         Spirit   .   (helmet restricted)
rElec    .         Reflect  .   l - +0 cloak
rCorr    +         Harm     .   D - +0 pair of gloves
MR       .....                  (no boots)
Stlth    ++........             P - amulet of faith
HPRegen  0.24/turn              B - ring of poison resistance
MPRegen  0.26/turn              H - +5 ring of dexterity

@: no status effects
A: spit acid, acid resistance, unfitting armour, cold-blooded, AC +7
a: Breathe Acid, Divine Energy, Channel Magic, Forget Spell, Renounce Religion


You were on level 1 of the Lair of Beasts.
You worshipped Sif Muna.
Sif Muna was greatly pleased with you.
You were hungry.

You visited 3 branches of the dungeon, and saw 13 of its levels.

You collected 396 gold pieces.

Inventory:

Missiles
 a - 38 arrows
Armour
 l - a +0 cloak (worn)
 D - a +0 pair of gloves (worn)
Magical Staves
 F - an uncursed staff of power (weapon)
Jewellery
 B - a ring of poison resistance (left hand)
 H - a +5 ring of dexterity (right hand)
 P - an amulet of faith (around neck)
Wands
 h - a wand of paralysis (7)
 t - a wand of acid (10)
 I - a wand of disintegration (9)
 J - a wand of digging (16)
 L - a wand of scattershot (8)
Scrolls
 e - 2 scrolls of fog
 i - 6 scrolls of teleportation
 k - 9 scrolls of remove curse
 o - 2 scrolls of blinking {unknown}
 p - 2 scrolls of noise {unknown}
 u - 2 scrolls of amnesia
 v - a scroll of immolation {unknown}
 w - 3 scrolls of enchant weapon {unknown}
 A - 2 scrolls of fear {unknown}
 O - a scroll of brand weapon {unknown}
Potions
 d - 2 potions of haste {unknown}
 f - 2 potions of might {unknown}
 g - 3 potions of flight
 j - a potion of resistance {unknown}
 r - 4 potions of curing
 s - 2 potions of brilliance {unknown}
 z - a potion of berserk rage {unknown}
 G - a potion of ambrosia {unknown}
 N - a potion of magic {unknown}
 R - a potion of invisibility
Books
 b - a book of Changes

   Spells                             Type                      Level
   a - Beastly Appendage              Transmutation                1
   b - Sticks to Snakes               Transmutation                2
   c - Spider Form                    Transmutation/Poison         3
   d - Ice Form                       Ice/Transmutation            4
   e - Blade Hands                    Transmutation                5
 y - a book of Cantrips

   Spells                             Type                      Level
   a - Confusing Touch                Hexes                        1
   b - Animate Skeleton               Necromancy                   1
   c - Summon Small Mammal            Summoning                    1
   d - Apportation                    Translocation                1
Miscellaneous
 K - a sack of spiders
Comestibles
 c - 2 rations


   Skills:
 + Level 4.9 Fighting
 + Level 1.0 Staves
 + Level 4.3 Dodging
 + Level 1.6 Stealth
 + Level 9.5 Unarmed Combat
 * Level 8.9 Spellcasting
 + Level 1.2 Hexes
 + Level 9.1 Transmutations
 + Level 1.7 Ice Magic
 + Level 3.5 Poison Magic
 + Level 1.0 Invocations
 + Level 1.0 Evocations


You had 11 spell levels left.
You knew the following spells:

 Your Spells              Type           Power        Failure   Level  Hunger
a - Beastly Appendage     Tmut           #####.       1%          1    None
b - Sticks to Snakes      Tmut           #####...     1%          2    None
c - Spider Form           Tmut/Pois      ####......   2%          3    #......
d - Confusing Touch       Hex            ##....       6%          1    None
e - Ice Form              Ice/Tmut       ###.....     11%         4    ###....
f - Blade Hands           Tmut           #####.....   6%          5    #####..


Dungeon Overview and Level Annotations

Branches:
Dungeon (11/15)            Temple (1/1) D:7            Lair (1/6) D:9
    Orc: D:9-12

Altars:
Ashenzari
Cheibriados
Dithmenos
Elyvilon
Fedhas
Gozag
Hepliaklqana
Kikubaaqudgha
Makhleb
Nemelex Xobeh
Okawaru
Qazlal
Ru
Sif Muna
Trog
Uskayaw
Vehumet
Wu Jian
Xom
Yredelemnul
Zin
The Shining One

Shops:
D:6 :   D:7 ?   D:8 =


Innate Abilities, Weirdness & Mutations

You can spit globs of acid.
You are resistant to acid.
Your golden yellow scales are hard. (AC +7)
You cannot fit into any form of body armour.
You are cold-blooded and may be slowed by cold attacks.


Message History

* * * LOW HITPOINT WARNING * * *
The wolf barely misses you.
Your ball python bites the wolf but does no damage.
Your ball python closely misses the wolf.
Your adder completely misses the wolf.
The crocodile bites you!
* * * LOW HITPOINT WARNING * * *
Okay, then.
Your hands revert to their normal proportions.
Your uncursed staff of power unmelds from your body.
Your +0 pair of gloves unmelds from your body.
You feel your magic capacity increase. The wolf bites you.
* * * LOW HITPOINT WARNING * * *
The wolf barely misses you.
Your ball python barely misses the crocodile.
The wolf misses you.
Your adder barely misses the wolf.
Your adder bites the wolf.
The wolf is poisoned.
Your adder poisons the wolf!
Your ball python misses the wolf. x2; The wolf bites you!
* * * LOW HITPOINT WARNING * * *
The wolf bites you.
You die...

..#.. .......
%.... .#...?.
...... .......
...... ......#
#.....##.....
#..........
......hSS#
#..h@t#
.....ShS.......
...............
...)#....#....)
#.. ...........
## ..)....>....
#........ [..
##......P....


You could see a crocodile, 3 wolves, 2 friendly adders and 2 friendly ball
pythons.

Vanquished Creatures
  A two-headed ogre (D:9)
  Erica (D:9)
  The ghost of richr the Spear-Bearer, a novice MfSk of Makhleb (D:8)
  The ghost of SomaCruz the Chopper, a novice HOFi (D:6)
  Joseph (D:7)
  Maurice (D:10)
  A troll (D:9)
  4 slime creatures (D:9)
  A wyvern (D:9)
  3 yaks (D:10)
  A hungry ghost (D:8)
  Menkaure (D:5)
  5 orc warriors
  2 phantoms
  2 ice beasts
  A sky beast (D:8)
  A black bear (D:8)
  6 ogres
  4 wolves (Lair:1)
  A centaur (D:9)
  2 big kobolds (D:8)
  A bullfrog (D:7)
  4 scorpions
  A water moccasin zombie (D:6)
  10 killer bees
  6 wights
  5 crimson imps
  A quasit (D:9)
  2 bullfrog zombies
  4 orc priests
  5 hounds
  2 bullfrog skeletons
  A centaur skeleton (D:6)
  3 iguanas
  10 orc wizards
  3 worker ants
  A killer bee zombie (D:8)
  A hound skeleton (D:5)
  A howler monkey zombie (D:10)
  A howler monkey skeleton (D:5)
  11 adders
  A shadow imp (D:10)
  3 adder skeletons
  8 worms
  2 dart slugs (D:1)
  5 leopard geckos
  24 orcs
  2 ball pythons (D:6)
  5 giant cockroaches
  7 goblins
  8 hobgoblins
  10 jackals
  5 quokkas
  7 bats
  8 frilled lizards
  11 kobolds
  6 rats
226 creatures vanquished.

Vanquished Creatures (collateral kills)
  A two-headed ogre (D:8)
  The ghost of SomaCruz the Cleaver, a novice HOFi of Beogh (D:7)
  A wolf (Lair:1)
  An adder skeleton (D:5)
  A hobgoblin (D:1)
  A frilled lizard (D:5)
6 creatures vanquished.

Grand Total: 232 creatures vanquished

Notes
Turn   | Place    | Note
-------+----------+-------------------------------------------
     0 | D:1      | yevrey the Draconian Transmuter began the quest for the Orb.
     0 | D:1      | Reached XP level 1. HP: 16/16 MP: 3/3
   154 | D:1      | Reached XP level 2. HP: 22/23 MP: 3/5
   158 | D:1      | Learned a level 2 spell: Sticks to Snakes
   607 | D:2      | Reached XP level 3. HP: 28/28 MP: 3/6
   612 | D:2      | Learned a level 3 spell: Spider Form
  1145 | D:2      | Reached XP level 4. HP: 36/36 MP: 6/8
  1912 | D:3      | Found an opulent altar of Gozag.
  1981 | D:4      | Reached skill level 1 in Poison Magic
  1981 | D:4      | Reached XP level 5. HP: 33/42 MP: 6/9
  2369 | D:4      | Found a blossoming altar of Fedhas.
  2424 | D:4      | Noticed a phantom
  2699 | D:4      | Killed a phantom
  2699 | D:4      | Reached XP level 6. HP: 13/50 MP: 2/10
  3034 | D:5      | Entered Level 5 of the Dungeon
  3150 | D:5      | Found a bloodstained altar of Trog.
  3317 | D:5      | Noticed Menkaure
  3325 | D:4      | Reached skill level 5 in Unarmed Combat
  3712 | D:5      | Your scales start taking on a golden yellow colour.
  3712 | D:5      | Reached XP level 7. HP: 41/56 MP: 8/12
  3804 | D:6      | Noticed SomaCruz's ghost (novice HOFi)
  3849 | D:5      | Found a deep blue altar of Sif Muna.
  3860 | D:5      | Became a worshipper of Sif Muna the Loreminder
  4025 | D:7      | Noticed SomaCruz's ghost (novice HOFi)
  4321 | D:5      | Killed Menkaure
  4483 | D:5      | Found a hide-covered altar of Uskayaw.
  4541 | D:5      | Found an iron altar of Okawaru.
  4799 | D:5      | Found an ancient bone altar of Kikubaaqudgha.
  4800 | D:5      | Found a radiant altar of Vehumet.
  5225 | D:5      | You fall through a shaft for 3 floors!
  5264 | D:8      | Reached skill level 1 in Invocations
  5316 | D:8      | Found a white marble altar of Elyvilon.
  5519 | D:8      | Reached XP level 8. HP: 51/63 MP: 12/14
  5636 | D:8      | Learned a level 1 spell: Confusing Touch
  5639 | D:8      | Noticed richr's ghost (novice MfSk)
  5865 | D:7      | Reached * piety under Sif Muna
  5865 | D:7      | Reached skill level 1 in Evocations
  5959 | D:7      | Found a staircase to the Ecumenical Temple.
  5960 | D:7      | Noticed Joseph
  6093 | D:7      | Learned a level 4 spell: Ice Form
  6200 | D:7      | Reached skill level 5 in Transmutations
  6540 | D:7      | Killed SomaCruz's ghost
  6540 | D:7      | Reached XP level 9. HP: 56/71 MP: 2/16
  6639 | D:7      | Learned a level 5 spell: Blade Hands
  6698 | D:6      | Reached skill level 5 in Spellcasting
  6775 | D:6      | Reached skill level 1 in Ice Magic
  6952 | D:6      | Reached ** piety under Sif Muna
  6959 | D:6      | Killed SomaCruz's ghost
  7072 | D:6      | Reached skill level 1 in Hexes
  7273 | D:6      | Found Heluczu's Book Shop.
  7939 | D:7      | Found a stormy altar of Qazlal.
  7939 | D:7      | Found a snail-covered altar of Cheibriados.
  7940 | D:7      | Found a sparkling altar of Nemelex Xobeh.
  7940 | D:7      | Found a shimmering altar of Xom.
  8149 | D:7      | Killed Joseph
  8276 | D:7      | Found Julirphos's Magic Scroll Shop.
  8361 | Temple   | Entered the Ecumenical Temple
  8811 | D:7      | Reached *** piety under Sif Muna
  8889 | D:8      | Reached XP level 10. HP: 78/80 MP: 14/19
  9024 | D:8      | Found Jihuakhly's Jewellery Boutique.
  9143 | D:9      | Found a staircase to the Lair.
  9357 | D:8      | Noticed a two-headed ogre
  9497 | D:8      | Killed a two-headed ogre
  9503 | D:8      | Killed richr's ghost
  9861 | D:8      | Found an ornate altar of the Wu Jian Council.
 10107 | D:8      | Reached skill level 1 in Stealth
 10489 | D:9      | Reached skill level 1 in Staves
 10549 | D:9      | Reached **** piety under Sif Muna
 10731 | D:10     | Entered Level 10 of the Dungeon
 11223 | D:9      | Noticed a two-headed ogre
 11233 | D:9      | Killed a two-headed ogre
 11609 | D:9      | Noticed Erica
 11621 | D:9      | Killed Erica
 11621 | D:9      | Reached XP level 11. HP: 56/85 MP: 23/23
 11711 | D:9      | HP: 4/85 [troll (6)]
 12707 | D:10     | Noticed Maurice
 12722 | D:10     | Killed Maurice
 13058 | D:10     | Noticed a two-headed ogre
 13313 | Lair:1   | Entered Level 1 of the Lair of Beasts
 13331 | Lair:1   | HP: 3/85 [wolf (9)]
 13331 | Lair:1   | Slain by a wolf

Skill      XL: |  1  2  3  4  5  6  7  8  9 10 |
---------------+-------------------------------+-----
Fighting       | 2 3 4 |  4.9
Unarmed Combat | 4 5 6 7 9 |  9.5
Poison Magic   | 1 2 3 |  3.5
Spellcasting   | 3 4 6 8 |  8.9
Transmutations | 3 4 6 8 9 |  9.1
Invocations    | 1 |  1.0
Dodging        | 2 3 4 |  4.3
Evocations     | 1 |  1.0
Ice Magic      | 1 |  1.7
Hexes          | 1 |  1.2
Stealth        | 1 |  1.6
Staves         | 1 |  1.0

Action                   |  1- 3 |  4- 6 |  7- 9 | 10-12 || total
-------------------------+-------+-------+-------+-------++-------
Melee: Unarmed           |   119 |   179 |   273 |   182 ||   753
       Kick              |    12 |     3 |     9 |     2 ||    26
       Headbutt          |     2 |       |     6 |     5 ||    13
       Tailslap          |     3 |     7 |    13 |    25 ||    48
       Punch             |     1 |       |     3 |     8 ||    12
       Quarterstaff      |       |       |     8 |       ||     8
       Staff             |       |       |       |    47 ||    47
Throw: Throwing net      |       |       |     1 |       ||     1
 Cast: Beastly Appendage |    10 |     7 |    19 |     3 ||    39
       Sticks to Snakes  |     5 |     2 |    23 |     8 ||    38
       Spider Form       |     8 |    27 |    10 |     2 ||    47
       Ice Form          |       |       |     6 |     3 ||     9
       Confusing Touch   |       |       |     4 |     7 ||    11
       Blade Hands       |       |       |    11 |    20 ||    31
 Abil: End Transformatio |     1 |     2 |    16 |    12 ||    31
       Breathe Acid      |       |       |     1 |       ||     1
Evoke: Wand              |       |       |     1 |       ||     1
  Use: Scroll            |       |       |    11 |     2 ||    13
       Potion            |       |       |     4 |     4 ||     8
 Stab: Distracted        |       |     1 |       |     2 ||     3
       Sleeping          |       |     1 |       |       ||     1
       Confused          |       |       |     2 |     3 ||     5
  Eat: Chunk             |     2 |     8 |     8 |     8 ||    26
       Ration            |       |     1 |     5 |     4 ||    10
Armor: Skin              |    35 |    18 |    68 |    49 ||   170
Dodge: Dodged            |    87 |    95 |   177 |   161 ||   520
